 Dungeon Crawl Stone Soup version 0.28-a0-697-g47f3eba078 (webtiles) character file.

Game seed: 6391509448427683209

8633 jasper the Carver (level 11, -4/87 HPs)
             Began as a Demonspawn Artificer on Oct 24, 2021.
             Was a High Priest of Okawaru.
             Killed by divine providence
             ... invoked by an orc priest
              (10 damage)
             ... on level 12 of the Dungeon.
             The game lasted 00:19:19 (11463 turns).

jasper the Carver (Demonspawn Artificer)           Turns: 11463, Time: 00:19:20

Health: -4/87      AC: 17    Str: 16    XL:     11   Next: 12%
Magic:  13/13      EV: 11    Int: 12    God:    Okawaru [*****.]
Gold:   137        SH:  5    Dex: 14    Spells: 10/10 levels left

rFire   + . .      SeeInvis .   H - +2 scimitar (vamp)
rCold   . . .      Faith    .   p - +0 buckler
rNeg    + . .      Spirit   .   g - +3 ring mail {rF+}
rPois   .          Reflect  .   (helmet restricted)
rElec   .          Harm     .   o - +2 cloak
rCorr   .          Rampage  .   (no gloves)
Will    .....                   i - +1 pair of boots
Stlth   +.........              w - amulet of magic regeneration
HPRegen 0.24/turn               N - ring of wizardry
MPRegen 0.38/turn               O - ring of positive energy

@: no status effects
A: antennae 2, molten scales 2, foul stench 1, demonic magic 2
a: Renounce Religion, Heroism, Finesse, Duel


You were on level 12 of the Dungeon.
You worshipped Okawaru.
Okawaru was extremely pleased with you.
You visited 2 branches of the dungeon, and saw 13 of its levels.

You collected 637 gold pieces.
You spent 500 gold pieces at shops.

Inventory:

Hand Weapons
 a - a +0 club
 f - a +0 short sword
 j - a +0 whip
 r - a +1 long sword
 H - a +2 vampiric scimitar (weapon)
 J - a +2 triple sword of flaming
Missiles
 h - 65 poisoned darts
 l - 424 stones
 m - 5 javelins
 u - 5 boomerangs (quivered)
 D - a throwing net
 P - 12 silver boomerangs
Armour
 b - a +0 leather armour
 g - a +3 ring mail of fire resistance (worn)
 i - a +1 pair of boots (worn)
 k - a +0 helmet
 o - a +2 cloak (worn)
 p - a +0 buckler (worn)
 t - a +0 ring mail
 L - a +2 plate armour of positive energy
Jewellery
 w - an amulet of magic regeneration (around neck)
 N - a ring of wizardry (left hand)
 O - a ring of positive energy (right hand)
Wands
 d - a wand of charming (8)
 n - a wand of digging (3)
 B - a wand of polymorph (7)
Scrolls
 q - 2 scrolls of magic mapping
 v - 5 scrolls of amnesia
 x - 2 scrolls of fear
 y - 3 scrolls of teleportation
 G - a scroll of enchant armour
Potions
 z - 2 potions of curing
 A - 2 potions of brilliance {unknown}
 C - 2 potions of mutation
 E - a potion of resistance {unknown}
 I - a potion of ambrosia {unknown}
 M - a potion of invisibility {unknown}
Miscellaneous
 e - a piece from Xom's chessboard (14/15)


   Skills:
 + Level 8.7 Fighting
 * Level 11.1 Long Blades
 - Level 6.0 Armour
 - Level 1.5 Dodging
 - Level 0.8 Stealth
 - Level 4.5 Shields
 + Level 3.7 Invocations
 - Level 3.3 Evocations


You had 10 spell levels left.
You didn't know any spells.
Your spell library contained the following spells:

 Spells                   Type           Power      Damage    Failure   Level
 Foxfire                  Conj/Fire      0%         2x1d4     22%         1
 Sandblast                Erth           0%         2d4       22%         1
 Shock                    Conj/Air       0%         1d3       22%         1
 Passwall                 Tmut/Erth      0%         N/A       32%         2
 Conjure Flame            Conj/Fire      0%         6-21      52%         3
 Inner Flame              Hex/Fire       0%         N/A       52%         3
 Stone Arrow              Conj/Erth      0%         3d7       52%         3
 Swiftness                Air            0%         N/A       52%         3
 Airstrike                Air            0%         N/A       89%         4
 Cause Fear               Hex            0%         N/A       89%         4
 Flame Wave               Conj/Fire      0%         3d3       89%         4
 Discord                  Hex            0%         N/A       100%        8


Dungeon Overview and Level Annotations

Branches:
Dungeon (12/15)            Temple (1/1) D:4            Lair (0/6) D:10
    Orc: D:9-12

Altars:
Ashenzari
Cheibriados
Dithmenos
Elyvilon
Fedhas
Gozag
Hepliaklqana
Kikubaaqudgha
Makhleb
Nemelex Xobeh
Okawaru
Qazlal
Ru
Sif Muna
Trog
Uskayaw
Vehumet
Wu Jian
Xom
Yredelemnul
Zin
The Shining One

Shops:
D:6 *   D:9 (


Innate Abilities, Weirdness & Mutations

You have a pair of antennae on your head.
You are mostly covered in molten scales. (AC +3)
You may rarely emit foul miasma when damaged in melee.
Spells you cast may paralyse nearby enemies.


Message History

You slash the phantom!
The phantom is almost destroyed.
You block the phantom's attack.
You closely miss the phantom.
The phantom is almost destroyed.
The phantom hits you.
You emit a cloud of foul miasma!
You take 5 damage, and have 32/87 hp.
You hit the phantom.
You destroy the phantom!
Okawaru accepts your kill.
You slash the goblin zombie!
You destroy the goblin zombie!
An ogre zombie comes into view.
You swing at nothing.
You hit the orc zombie.
The orc zombie is lightly damaged.
The orc priest calls down the wrath of Beogh upon you.
Beogh smites you!
* * * LOW HITPOINT WARNING * * *
You hit the orc zombie.
The orc zombie is almost destroyed.
The orc zombie closely misses you.
You take 16 damage, and have 16/87 hp.
You slash the orc zombie!
You destroy the orc zombie!
You swing at nothing.
You slash the hobgoblin zombie!
You destroy the hobgoblin zombie!
You swing at nothing.
You barely miss the orc priest.
The orc priest calls down the wrath of Beogh upon you.
Beogh smites you!
* * * LOW HITPOINT WARNING * * *
You barely miss the orc priest.
The orc priest hits you but does no damage.
You hit the orc priest.
The orc priest is moderately wounded.
The orc priest invokes the aid of Beogh against you.
Beogh smites you!
You die...

###.......# ##.#
####...##.#### #..#
#...[<.##.# ##..#
### #.##[####.#
...##..# .##.##.#
#.# ##....##{
.......# #.#
#...#..#{ ..#....#
#.# #####......#
#....# #.#
####Z....##.....ZZ.
#....# #.#
#.@oZZ.#####..o..Z.
#....##
#.###.###.##
{W.8.Z.
#.....###.....# #.#
##.ZZ..
#.........##### ..#


ZZ... #.........# #.## .... .......####.# #. .... .......# ### #. .......# ..
.......# You could see an orc priest, an orc zombie, an ogre zombie and a
hobgoblin skeleton.

Vanquished Creatures
  A centaur warrior (D:11)
  2 two-headed ogres
  Pikel (D:6)
  Edmund (D:4)
  An ugly thing (D:12)
  A deep elf pyromancer (D:10)
  3 centaur zombies
  An unseen horror (D:7)
  2 hornets (D:8)
  A troll (D:10)
  A wraith (D:11)
  A yak (D:8)
  A shadow (D:12)
  A steam dragon (D:7)
  A vampire mosquito (D:11)
  Menkaure (D:6)
  The ghost of Dittersdorf the Covered, an amateur GrFi (D:4)
  An orc warrior (D:12)
  An ice beast (D:6)
  2 necrophages
  5 centaurs
  2 ogres
  A phantom (D:12)
  4 kobold brigands
  3 bullfrogs
  A gnoll sergeant (D:5)
  A wyvern zombie (D:8)
  A water moccasin zombie (D:7)
  A water moccasin skeleton (D:5)
  9 killer bees
  3 wights (D:7)
  A howler monkey (D:10)
  4 orc priests
  3 hounds (D:6)
  2 iguanas
  A centaur skeleton (D:6)
  4 orc wizards
  A scorpion zombie (D:5)
  A killer bee zombie (D:8)
  A howler monkey zombie (D:10)
  7 gnolls
  2 howler monkey skeletons
  9 adders
  A white imp (D:8)
  An ufetubus (D:5)
  A worm (D:2)
  2 dart slugs
  16 orcs
  10 endoplasms
  4 giant cockroaches
  7 goblins
  4 hobgoblins
  4 jackals (D:1)
  53 kobolds
  A quokka (D:2)
  6 ball pythons
  5 bats
  4 frilled lizards
  2 goblin zombies (D:12)
  A hobgoblin zombie (D:12)
  3 orc zombies (D:12)
  4 rats
221 creatures vanquished.

Vanquished Creatures (collateral kills)
  Duvessa (D:4)
  An ogre (D:4)
  Dowan (D:4)
  A hound (D:4)
  A jelly (D:4)
5 creatures vanquished.

Vanquished Creatures (others)
  A wizard (D:6)
  A kobold (D:7)
  69 plants (D:7)
  2 withered plants (D:4)
73 creatures vanquished.

Grand Total: 299 creatures vanquished

Notes
Turn   | Place    | Note
-------+----------+-------------------------------------------
     0 | D:1      | jasper the Demonspawn Artificer began the quest for the
                  | Orb.
     0 | D:1      | Reached XP level 1. HP: 15/15 MP: 1/1
   107 | D:1      | Reached skill level 1 in Dodging
   353 | D:1      | Gained mutation: You have a pair of small antennae on your
                  | head. [demonic ancestry]
   353 | D:1      | Reached XP level 2. HP: 17/21 MP: 2/2
  1119 | D:2      | Reached XP level 3. HP: 20/26 MP: 3/3
  1787 | D:2      | Reached skill level 1 in Long Blades
  2100 | D:2      | Gained mutation: Spells you cast may paralyse adjacent
                  | enemies. [demonic ancestry]
  2100 | D:2      | Reached XP level 4. HP: 29/33 MP: 4/4
  2518 | D:3      | Found a sparkling altar of Nemelex Xobeh.
  2537 | D:3      | You fall into a shaft and drop 1 floor!
  2577 | D:4      | Noticed Edmund
  2610 | D:4      | Reached skill level 2 in Long Blades
  2610 | D:4      | Gained mutation: You are partially covered in molten
                  | scales. (AC +2) [demonic ancestry]
  2610 | D:4      | Reached XP level 5. HP: 34/39 MP: 5/5
  2615 | D:4      | Noticed an ogre
  2625 | D:4      | Killed an ogre
  2626 | D:4      | Reached skill level 1 in Shields
  2703 | D:4      | Noticed Duvessa
  2704 | D:4      | Noticed Dowan
  2716 | D:4      | Killed Duvessa
  2717 | D:4      | Reached skill level 3 in Long Blades
  2717 | D:4      | Gained mutation: Spells you cast may paralyse nearby
                  | enemies. [demonic ancestry]
  2717 | D:4      | Reached XP level 6. HP: 41/47 MP: 6/6
  2728 | D:4      | Killed Dowan
  2735 | D:4      | Killed Edmund
  2736 | D:4      | Reached skill level 4 in Long Blades
  2736 | D:4      | Gained mutation: You have a pair of antennae on your head.
                  | [demonic ancestry]
  2736 | D:4      | Reached XP level 7. HP: 37/53 MP: 7/7
  3105 | D:3      | Found a stormy altar of Qazlal.
  3801 | D:4      | Found a staircase to the Ecumenical Temple.
  3812 | Temple   | Entered the Ecumenical Temple
  4021 | Temple   | Became a worshipper of Warmaster Okawaru
  4235 | D:4      | Found a runed translucent door.
  4235 | D:4      | Noticed Dittersdorf's ghost (amateur GrFi)
  4425 | D:4      | Killed Dittersdorf's ghost
  4426 | D:4      | Reached skill level 5 in Long Blades
  4632 | D:5      | Entered Level 5 of the Dungeon
  4943 | D:5      | Found a shimmering blue altar of Sif Muna.
  4969 | D:6      | Reached * piety under Okawaru
  5227 | D:6      | Reached XP level 8. HP: 48/61 MP: 8/8
  5373 | D:6      | Found a bloodstained altar of Trog.
  5379 | D:6      | Found Siuv's Assorted Antiques.
  5387 | D:6      | Bought a potion of haste for 260 gold pieces
  5508 | D:6      | Noticed Menkaure
  5515 | D:6      | Killed Menkaure
  5800 | D:6      | Reached skill level 6 in Long Blades
  5856 | D:6      | Noticed Pikel
  5871 | D:6      | Killed Pikel
  5871 | D:6      | Reached ** piety under Okawaru
  5872 | D:6      | Reached skill level 5 in Fighting
  5896 | D:6      | Found a hide-covered altar of Uskayaw.
  5926 | D:6      | Found a radiant altar of Vehumet.
  6151 | D:6      | Reached skill level 7 in Long Blades
  6151 | D:6      | Reached skill level 1 in Invocations
  6262 | D:6      | Found a hazy altar of Hepliaklqana.
  6262 | D:6      | Found an ancient bone altar of Kikubaaqudgha.
  6328 | D:6      | Noticed a wizard
  6332 | D:6      | Killed a wizard
  6481 | D:7      | Reached *** piety under Okawaru
  6482 | D:7      | Gained mutation: You may rarely emit foul miasma when
                  | damaged in melee. [demonic ancestry]
  6482 | D:7      | Reached XP level 9. HP: 56/69 MP: 9/11
  6980 | D:7      | Reached skill level 8 in Long Blades
  7013 | D:7      | Killed an unseen horror
  7472 | D:7      | Found a broken altar of Ashenzari.
  7477 | D:7      | Saw a vision of the Shoals and the Snake Pit.
  7477 | D:7      | Noticed a merfolk
  7477 | D:7      | Noticed a merfolk
  7477 | D:7      | Noticed a black mamba
  7477 | D:7      | Noticed a black mamba
  7477 | D:7      | Noticed a merfolk
  7478 | D:7      | Noticed a shock serpent
  7478 | D:7      | Noticed a wind drake
  7671 | D:8      | Found an ornate altar of the Wu Jian Council.
  7719 | D:8      | Paralysed by a hornet for 1 turns
  7722 | D:8      | Paralysed by a hornet for 1 turns
  7734 | D:8      | Reached **** piety under Okawaru
  7751 | D:8      | Reached skill level 9 in Long Blades
  7873 | D:8      | Gained mutation: You are mostly covered in molten scales.
                  | (AC +3) [demonic ancestry]
  7873 | D:8      | Reached XP level 10. HP: 47/79 MP: 12/12
  8049 | D:8      | Found a basalt altar of Yredelemnul.
  8077 | D:8      | Paralysed by a hornet for 2 turns
  8540 | D:8      | Noticed an angel
  9898 | D:9      | Found Garari's Weapon Shoppe.
  9917 | D:10     | Entered Level 10 of the Dungeon
  9954 | D:10     | Found a staircase to the Lair.
  9990 | D:9      | Bought a +2 vampiric scimitar for 240 gold pieces
 10263 | D:10     | Noticed a deep elf pyromancer
 10266 | D:10     | Killed a deep elf pyromancer
 10267 | D:10     | Reached skill level 10 in Long Blades
 10267 | D:10     | Reached skill level 5 in Armour
 10364 | D:10     | Noticed a two-headed ogre
 10370 | D:10     | Killed a two-headed ogre
 10373 | D:10     | Reached ***** piety under Okawaru
 10910 | D:11     | Noticed a two-headed ogre
 10917 | D:11     | Killed a two-headed ogre
 10986 | D:11     | Noticed a centaur warrior
 11010 | D:11     | Noticed an ettin
 11011 | D:11     | Killed a centaur warrior
 11012 | D:11     | Reached XP level 11. HP: 87/87 MP: 8/13
 11372 | D:12     | Noticed a white ugly thing
 11390 | D:12     | Killed a white ugly thing
 11391 | D:12     | Reached skill level 11 in Long Blades
 11463 | D:12     | Killed from afar by an orc priest

Illustrated notes

Levels and vault maps discovered:
D:1:      eino_arrival_water_star, layout_basic, serial_bayou_pond_d
D:2:      layout_loops_cross
D:3:      wad_crossroads, layout_basic, general_overflow_altar,
          mainiacjoe_overflow_catwalk
D:4:      layout_loops_ring, minmay_temple_entry_overgrown,
          gammafunk_ghost_grave, minmay_misc_feat_tiny, uniq_edmund,
          uniq_duvessa
D:5:      layout_rooms, overflow_temple_1_default, lightli_minifort
D:6:      layout_loops_corners, gammafunk_temple_overflow_statue, trog_wizard,
          mainiacjoe_overflow_two_lobes, serial_shops, shop, uniq_menkaure,
          uniq_pikel
D:7:      kennysheep_kobold_camp, layout_rooms, grunt_ashenzari_visionary
          [grunt_ashenzari_visionary_shoals, grunt_ashenzari_visionary_snake]
D:8:      layout_rooms, mainiacjoe_overflow_paths,
          mainiacjoe_overflow_cross_hatched, zin_angel,
          kennysheep_generic_room_11
D:9:      layout_basic, serial_shops, shop_statue
D:10:     layout_roguey, lair_entry_dummy, minmay_unpleasant_kobolds
D:11:     minmay_complete_graph, layout_rooms
D:12:     layout_rooms, zombieorc2_lemuel, nicolae_dithmenos_the_darkroom
Temple:   dpeg_chambers_temple

Skill      XL: |  1  2  3  4  5  6  7  8  9 10 11 |
---------------+----------------------------------+-----
Dodging        | 1 |  1.5
Armour         | 2 4 5 6 |  6.0
Long Blades    | 1 2 3 4 5 7 9 10 11 | 11.1
Fighting       | 2 3 4 6 7 8 |  8.7
Shields        | 1 2 3 4 |  4.5
Invocations    | 2 3 |  3.7
Stealth        | |  0.8
Evocations     | |  3.3

Action                   |  1- 3 |  4- 6 |  7- 9 | 10-12 || total
-------------------------+-------+-------+-------+-------++-------
Melee: Whip              |    59 |       |       |       ||    59
       Club              |     4 |       |       |       ||     4
       Short sword       |    49 |    11 |       |       ||    60
       Long sword        |       |    26 |   464 |   134 ||   624
       Scimitar          |       |       |       |   131 ||   131
Throw: Dart              |    34 |       |     5 |       ||    39
       Stone             |    35 |     8 |    44 |       ||    87
       Boomerang         |       |       |    48 |    32 ||    80
Invok: Heroism           |       |       |    12 |    12 ||    24
       Finesse           |       |       |       |     2 ||     2
Evoke: Wand              |     6 |     7 |    18 |    12 ||    43
       Piece from Xom's  |       |       |     4 |     1 ||     5
  Use: Scroll            |     5 |       |     6 |     6 ||    17
       Potion            |       |     2 |     7 |     4 ||    13
 Stab: Sleeping          |     3 |       |       |       ||     3
       Betrayed ally     |       |     1 |       |       ||     1
Armor: Leather armour    |    38 |     4 |       |       ||    42
       Ring mail         |       |     8 |   286 |    96 ||   390
       Skin              |       |       |    11 |       ||    11
Dodge: Dodged            |    73 |    18 |   254 |   118 ||   463
Block: Buckler           |       |     6 |   111 |    53 ||   170

Table legend: (Time is in decaauts)
 A = Elapsed time spent in this place.
 B = Non-inter-level travel time spent in this place.
 C = Inter-level travel time spent in this place.
 D = Time resting spent in this place.
 E = Time spent auto-exploring this place.
 F = Levels seen in this place.
 G = Mean time per level.
                   A        B        C        D        E       F      G
               +--------+--------+--------+--------+--------+-----+--------+
         Total |  11445 |  10693 |    752 |   1720 |   6515 |  13 |  880.4 |
       Dungeon |  11227 |  10496 |    731 |   1720 |   6329 |  12 |  935.6 |
        Temple |    217 |    196 |     21 |      0 |    186 |   1 |  217.0 |
               +--------+--------+--------+--------+--------+-----+--------+

Top non-repeatable levels by time:
     D:6: 1858 daAuts
     D:8: 1323 daAuts
     D:4: 1295 daAuts
     D:1: 1210 daAuts
     D:3: 1146 daAuts
     D:5: 978 daAuts
     D:2: 933 daAuts
     D:7: 843 daAuts
    D:10: 752 daAuts
    D:12: 417 daAuts
    D:11: 318 daAuts
  Temple: 217 daAuts
     D:9: 149 daAuts
